 Dungeon Crawl Stone Soup version 0.21-a0-274-gc1afaeb (console) character file.

89009 removed the Zephyrmancer (level 15, -4/126 HPs)
             Began as a Demigod Air Elementalist on Sept 18, 2017.
             Slain by an orc warrior
             ... wielding a +0 trident of freezing
             ... led by an orc knight
              (7 damage)
             ... on level 15 of the Dungeon.
             The game lasted 01:38:16 (35679 turns).

removed the Zephyrmancer (DgAE)                    Turns: 35679, Time: 01:38:16

Health: -4/126     AC:  7    Str: 11    XL:     15   Next: 8%
Magic:  3/50       EV: 22    Int: 29    God:
Gold:   2615       SH:  0    Dex: 20    Spells: 20/36 levels left

rFire    + . .     SeeInvis +   a - staff of power
rCold    x . .     Gourm    .   (no shield)
rNeg     . . .     Faith    .   f - +2 robe {Archmagi}
rPois    .         Spirit   .   Y - +1 helmet {SInv}
rElec    .         Reflect  .   (no cloak)
rCorr    .         Harm     .   (no gloves)
MR       +....                  I - +0 pair of boots
Stlth    ++........             e - amulet of magic regeneration
HPRegen  0.31/turn              k - ring of fire
MPRegen  0.57/turn              L - ring of Dopeoth {EV+2 Dex+4}

@: about to teleport
A: high mp 1
a: no special abilities


You were on level 15 of the Dungeon.
You were hungry.

You visited 3 branches of the dungeon, and saw 23 of its levels.
You also visited: Bailey.

You collected 3182 gold pieces.
You spent 567 gold pieces at shops.

Inventory:

Hand Weapons
 b - a +0 short sword of draining
 h - a +4 vampiric scimitar
 o - a +0 lajatang
 w - a +0 blowgun
Missiles
 i - 6 javelins (quivered)
 G - 6 curare-tipped needles
Armour
 f - a +2 robe of the Archmagi (worn)
 C - a +2 robe of fire resistance
 I - a +0 pair of boots (worn)
 Y - a +1 helmet of see invisible (worn)
Magical Staves
 a - an uncursed staff of power (weapon)
Jewellery
 e - an amulet of magic regeneration (around neck)
 k - a ring of fire (left hand)
 z - an uncursed ring of protection from cold
 L - the ring of Dopeoth (right hand) {EV+2 Dex+4}
   (You bought it in a shop on level 2 of the Orcish Mines)

   [ring of evasion]

   It affects your evasion (+2).
   It affects your dexterity (+4).
 M - an uncursed amulet of regeneration
 R - an uncursed ring of protection from cold
Wands
 l - a wand of paralysis (4/24)
 A - a wand of iceblast (5/15)
 B - a wand of clouds (1/9)
 K - a wand of iceblast (7/15)
Scrolls
 d - a scroll of summoning
 j - 3 scrolls of remove curse
 p - 4 scrolls of immolation
 r - a scroll of magic mapping
 s - 2 scrolls of fog
 u - 4 scrolls of teleportation
 y - a scroll of recharging
 P - 6 scrolls of amnesia
 Q - a scroll of acquirement
 T - 2 scrolls of enchant weapon
 W - 2 scrolls of enchant armour
Potions
 m - 10 potions of curing
 n - 7 potions of heal wounds
 q - 3 potions of magic
 v - 6 potions of flight
 x - a potion of resistance
 E - a potion of cancellation
 F - 2 potions of lignification
 H - 3 potions of agility
 O - 6 potions of might
 U - 5 potions of berserk rage
 V - a potion of mutation
 X - 2 potions of brilliance
 Z - 2 potions of haste
Miscellaneous
 S - a lightning rod (4/4)
Comestibles
 c - 12 bread rations
 g - 11 meat rations
 t - a royal jelly
 D - 6 chunks of flesh
 J - 42 fruits


   Skills:
 - Level 10.0 Fighting
 - Level 10.0 Dodging
 - Level 1.7 Stealth
 - Level 11.0 Spellcasting
 - Level 12.0 Conjurations
 + Level 14.1 Air Magic


You had 20 spell levels left.
You knew the following spells:

 Your Spells              Type           Power        Failure   Level  Hunger
a - Shock                 Conj/Air       ####         0%          1    None
b - Static Discharge      Conj/Air       #######.     1%          3    None
c - Airstrike             Air            #######...   1%          4    None
d - Lightning Bolt        Conj/Air       #######...   1%          5    ###....
s - Swiftness             Chrm/Air       ######..     1%          2    None
A - Apportation           Tloc           ###...       3%          1    None


Dungeon Overview and Level Annotations

Branches:
Dungeon (15/15)            Temple (0/1) D:6            Lair (6/6) D:10
 Shoals (0/4) Lair:4        Snake (0/4) Lair:3        Slime (0/5) Lair:5
    Orc (2/2) D:10            Elf (0/3) Orc:2        Vaults (0/5) D:14
 Depths: D:15

Shops:
D:4 *   D:9 :   Orc:1 [   Orc:2 =?::

Annotations:
D:1 exclusion: downstairs
D:5 1 runed door
D:7 exclusion: downstairs
D:8 exclusion: downstairs
Lair:5 exclusion: downstairs
Orc:2 madsplatter's ghost, adept FoFi


Innate Abilities, Weirdness & Mutations

You have an increased reservoir of magic. (+10% MP)


Message History

You feel a surge of power!
You hear a mighty clap of thunder!
The bolt of lightning hits the orc.
You kill the orc!
The bolt of lightning hits the orc warrior.
The orc warrior is almost dead.
You hear a shout!
You hear a horrible gurgling sound! x3
The fire dragon roars deafeningly!
As you read the scroll of fog, it crumbles to dust.
The scroll dissolves into smoke.
The orc warrior hits you from afar with a trident of freezing!
* * * LOW HITPOINT WARNING * * *
The orc warrior freezes you.
* * * LOW HITPOINT WARNING * * *
As you read the scroll of teleportation, it crumbles to dust.
You feel strangely unstable.
The orc warrior hits you from afar with a trident of freezing!
* * * LOW HITPOINT WARNING * * *
The orc warrior freezes you!
You die...

#............#......#....
#......).....#......#....
#......#.....########....
#......#......... ......
#.%...)#......... ......
#......#..§...... .#####
#.....§o§§..D....
#...).)#§§.......
#......#@§.......
#..)...#.........
#......#.........
#################


You could see a fire dragon and an orc warrior.

Vanquished Creatures
  Frances (D:13)
  4 dire elephants (Lair:6)
  Snorg (Orc:1)
  A fire dragon (D:15)
  Josephine (D:11)
  Fannar (Lair:1)
  3 centaur warriors
  An anaconda (Lair:6)
  2 catoblepae (Lair:6)
  6 two-headed ogres
  2 dancing weapons (D:14)
  6 hydras
  3 orc high priests (Orc:2)
  A death knight (D:14)
  6 death yaks (Lair:6)
  Urug (D:12)
  7 unseen horrors
  8 orc knights
  5 orc sorcerers
  2 cyclopes
  A salamander (shapeshifter) (D:15)
  2 manticores (D:15)
  An ugly thing (D:11)
  19 elephants
  5 black mambas
  4 rime drakes
  13 spiny frogs
  3 centaur skeletons
  7 komodo dragons
  2 tengu conjurers
  6 trolls
  15 hippogriffs
  5 slime creatures (D:14)
  4 blink frogs (Lair:3)
  Sigmund (D:2)
  37 yaks
  4 shadows
  2 wyverns
  2 spriggans (Lair:2)
  6 wraiths
  A basilisk (D:9)
  4 hungry ghosts
  A steam dragon (Lair:4)
  4 vampire mosquitoes (D:15)
  2 nagas (Lair:3)
  5 wargs
  The ghost of p0werm0de the Chiller, an amateur OpIE of Cheibriados (D:4)
  A soldier ant (D:13)
  19 water moccasins
  15 porcupines
  An ice beast (D:8)
  2 sky beasts
  31 orc warriors
  A black bear (Lair:4)
  A black bear (shapeshifter) (D:13)
  2 necrophages (D:11)
  5 ogres
  2 phantoms
  8 wolves
  32 centaurs
  8 crocodiles
  4 big kobolds
  18 bullfrogs
  4 scorpions
  27 killer bees
  2 troll zombies (D:10)
  13 wights
  A vampire bat (Lair:6)
  2 electric eels (Lair:5)
  3 howler monkeys (D:8)
  4 crimson imps
  A bullfrog zombie (D:10)
  A quasit (D:5)
  4 centaur zombies
  15 orc priests
  3 jellies
  2 bullfrog skeletons
  10 hounds
  27 orc wizards
  5 iguanas
  2 hell rats (Lair:3)
  9 worker ants
  A killer bee zombie (D:9)
  6 ogre zombies (D:10)
  A hound zombie (D:6)
  A hound skeleton (D:10)
  7 gnolls
  23 adders
  10 river rats (Lair:3)
  3 shadow imps
  An ooze (D:1)
  3 worms (D:4)
  2 dart slugs
  7 leopard geckos
  75 orcs
  A ball python (D:1)
  13 bats
  3 bat skeletons (D:7)
  3 bat zombies (D:7)
  7 giant cockroaches
  7 goblins
  13 hobgoblins
  7 jackals
  3 quokkas
  7 frilled lizards
  2 goblin skeletons (D:10)
  2 goblin zombies
  2 hobgoblin skeletons (D:10)
  4 hobgoblin zombies (D:10)
  A jackal skeleton (D:6)
  36 kobolds
  A kobold skeleton (D:5)
  A leopard gecko zombie (D:5)
  An orc skeleton (D:10)
  15 orc zombies (D:10)
  A quokka skeleton (D:6)
  A quokka zombie (D:7)
  11 rats
  4 plants
790 creatures vanquished.

Vanquished Creatures (others)
  10 fungi
  20 plants
30 creatures vanquished.

Grand Total: 820 creatures vanquished

Notes
Turn   | Place    | Note
-------+----------+-------------------------------------------
     0 | D:1      | removed the Demigod Air Elementalist began the quest for the Orb.
     0 | D:1      | Reached XP level 1. HP: 14/14 MP: 5/5
    11 | D:1      | Reached skill level 1 in Conjurations
   408 | D:1      | Reached XP level 2. HP: 19/20 MP: 0/7
   789 | D:1      | Learned a level 2 spell: Swiftness
  1084 | D:1      | Reached XP level 3. HP: 26/26 MP: 3/8
  1376 | D:2      | Reached skill level 3 in Air Magic
  1444 | D:2      | Noticed Sigmund
  2468 | D:3      | Found a snail-covered altar of Cheibriados.
  2632 | D:3      | Reached XP level 4. HP: 33/33 MP: 7/9
  2645 | D:3      | Learned a level 3 spell: Static Discharge
  3261 | D:4      | Noticed p0werm0de's ghost (amateur OpIE)
  3281 | D:4      | Killed p0werm0de's ghost
  3281 | D:4      | Reached skill level 4 in Air Magic
  3281 | D:4      | Reached XP level 5. HP: 25/38 MP: 3/10
  3517 | D:4      | Found a blossoming altar of Fedhas.
  3627 | D:4      | Noticed an ogre
  3635 | D:4      | Killed an ogre
  3635 | D:4      | Reached XP level 6. HP: 45/45 MP: 7/11
  3930 | D:4      | Found Fulology's Assorted Antiques.
  4007 | D:4      | Found a bloodstained altar of Trog.
  4114 | D:4      | Got a smoking leather armour
  4125 | D:4      | Identified the +1 leather armour of Focus {Int+4} (You found it on level 4 of the Dungeon)
  4244 | D:4      | Reached skill level 5 in Air Magic
  4255 | D:4      | Identified Ytaerch's Papyrus of the Insatiable Deaths
  4477 | D:5      | Entered Level 5 of the Dungeon
  4598 | D:5      | Found a runed door.
  4599 | D:5      | Noticed a human
  4631 | D:5      | Reached skill level 5 in Conjurations
  4811 | D:5      | Reached XP level 7. HP: 50/50 MP: 9/14
  5204 | D:5      | Found a basalt altar of Yredelemnul.
  5388 | D:5      | Found a blossoming altar of Fedhas.
  5388 | D:5      | Found a sacrificial altar of Ru.
  5491 | D:4      | Bought a shiny helmet for 187 gold pieces
  5688 | D:2      | Killed Sigmund
  6328 | D:6      | Reached XP level 8. HP: 47/62 MP: 9/16
  6426 | D:6      | Reached skill level 6 in Air Magic
  6553 | D:6      | Found a staircase to the Ecumenical Temple.
  7359 | D:7      | Learned a level 4 spell: Airstrike
  7491 | D:7      | Got a brightly glowing chain mail
  7792 | D:7      | Found an ancient bone altar of Kikubaaqudgha.
  7834 | D:7      | Noticed a six-headed hydra
  7859 | D:7      | Killed a six-headed hydra
  7859 | D:7      | Reached skill level 7 in Air Magic
  7859 | D:7      | Reached XP level 9. HP: 71/71 MP: 10/18
  8029 | D:8      | Found a radiant altar of Vehumet.
  8029 | D:8      | Noticed an unseen horror
  8037 | D:8      | Killed an unseen horror
  8037 | D:8      | Reached skill level 5 in Spellcasting
  8206 | D:8      | Found a sparkling altar of Nemelex Xobeh.
  8268 | D:8      | Noticed a two-headed ogre
  8523 | D:8      | Learned a level 5 spell: Lightning Bolt
  9222 | D:8      | Killed a two-headed ogre
  9222 | D:8      | Reached XP level 10. HP: 78/78 MP: 9/22
  9499 | D:9      | Reached skill level 8 in Air Magic
  9500 | D:9      | Noticed a two-headed ogre
  9500 | D:9      | Noticed a two-headed ogre
 10671 | D:8      | Killed a two-headed ogre
 10827 | D:8      | Reached skill level 9 in Air Magic
 11038 | D:9      | Killed a two-headed ogre
 11038 | D:9      | Reached skill level 5 in Dodging
 11080 | D:9      | Found a hide-covered altar of Uskayaw.
 11081 | D:9      | Found a basalt altar of Yredelemnul.
 11178 | D:9      | Found Pokloon's Book Emporium.
 11248 | D:9      | Noticed Psyche
 11250 | D:9      | Noticed Psyche
 11250 | D:9      | Psyche changed into Psyche the basilisk
 11254 | D:9      | Killed Psyche the basilisk
 11550 | D:10     | Entered Level 10 of the Dungeon
 11777 | D:10     | Noticed a two-headed ogre
 12015 | D:10     | Killed a two-headed ogre
 12015 | D:10     | Reached skill level 5 in Fighting
 12388 | D:10     | Reached XP level 11. HP: 82/89 MP: 10/24
 12448 | D:10     | Found a staircase to the Orcish Mines.
 13193 | D:10     | Found a staircase to the Lair.
 13809 | D:11     | Reached skill level 10 in Conjurations
 14037 | D:11     | Noticed Josephine
 14046 | D:11     | Killed Josephine
 15001 | D:4      | Bought a scroll labeled ICEALI ACSAOF for 25 gold pieces
 15125 | Lair:1   | Entered Level 1 of the Lair of Beasts
 15924 | Lair:1   | Noticed Fannar
 15933 | Lair:1   | Killed Fannar
 16192 | Lair:1   | Reached XP level 12. HP: 101/101 MP: 10/28
 16500 | Lair:1   | Got a transparent leather armour
 16746 | Lair:1   | Identified the +2 chain mail "Niefo" {rElec rF+++ MP-9 Int+5} (You found it on level 7 of the Dungeon)
 16756 | Lair:1   | Identified the +2 leather armour of Impressiveness {+Inv Stlth+} (You found it on level 1 of the Lair of Beasts)
 17317 | Lair:2   | Reached skill level 10 in Air Magic
 17444 | Lair:2   | Found a hazy altar of Hepliaklqana.
 17482 | Lair:2   | Noticed a seven-headed hydra
 17493 | Lair:2   | Killed a seven-headed hydra
 17996 | Lair:3   | Noticed a five-headed hydra
 18464 | Lair:3   | Noticed a four-headed hydra
 18470 | Lair:3   | Killed a four-headed hydra
 18557 | Lair:3   | Killed a five-headed hydra
 18745 | Lair:3   | Found a staircase to the Snake Pit.
 18971 | Lair:3   | Got a warped broad axe
 18972 | Lair:3   | Identified the +2 broad axe of Gozag's Condemnation {flame, rElec} (You found it on level 3 of the Lair of Beasts)
 20682 | Lair:4   | Found a staircase to the Shoals.
 20780 | Lair:4   | Reached skill level 11 in Air Magic
 20913 | Lair:4   | Reached XP level 13. HP: 111/111 MP: 18/30
 21245 | Lair:5   | Found a staircase to the Slime Pits.
 21246 | Lair:5   | Found a viscous altar of Jiyva.
 21928 | Lair:6   | Entered Level 6 of the Lair of Beasts
 22798 | Lair:6   | Reached skill level 10 in Spellcasting
 25218 | Lair:6   | Noticed a dire elephant
 25226 | Lair:6   | Noticed a dire elephant
 25242 | Lair:6   | Noticed a dire elephant
 25276 | Lair:6   | Killed a dire elephant
 25276 | Lair:6   | Reached skill level 12 in Air Magic
 25278 | Lair:6   | Killed a dire elephant
 25415 | Lair:6   | Noticed a dire elephant
 25415 | Lair:6   | Noticed a dire elephant
 25437 | Lair:6   | Killed a dire elephant
 25439 | Lair:6   | Killed a dire elephant
 25716 | D:12     | Reached XP level 14. HP: 85/118 MP: 13/32
 25725 | D:12     | Noticed Urug
 26040 | D:12     | Killed Urug
 26090 | D:12     | Found a flagged portal.
 26101 | Bailey   | Entered a bailey
 26725 | Bailey   | Reached skill level 13 in Air Magic
 27221 | D:12     | Found the +10 dark maul {crush}
 27702 | Orc:1    | Entered Level 1 of the Orcish Mines
 27702 | Orc:1    | Found a roughly hewn altar of Beogh.
 27895 | Orc:1    | Noticed Snorg
 27899 | Orc:1    | Killed Snorg
 28111 | Orc:1    | Found Naixtun's Armour Shoppe.
 28277 | Orc:2    | Entered Level 2 of the Orcish Mines
 28785 | Orc:2    | Noticed madsplatter's ghost (adept FoFi)
 29343 | Orc:2    | Paralysed by an orc sorcerer for 3 turns
 31433 | Orc:2    | Found a staircase to the Elven Halls.
 31661 | Orc:2    | Found Sionisat's Magic Scroll Shoppe.
 31661 | Orc:2    | Found Ifepeis's Jewellery Shoppe.
 31662 | Orc:2    | Found Mioj's Book Shop.
 31667 | Orc:2    | Found Borit's Book Shop.
 32475 | Orc:2    | Bought the ring of Dopeoth {EV+2 Dex+4} for 355 gold pieces
 32788 | D:13     | Reached skill level 10 in Fighting
 33466 | D:13     | Noticed Frances
 33474 | D:13     | Killed Frances
 33785 | D:14     | Reached skill level 10 in Dodging
 33812 | D:14     | Found a gate to the Vaults.
 33897 | D:14     | Learned a level 1 spell: Apportation
 34372 | D:14     | Found a basalt altar of Yredelemnul.
 34635 | D:15     | Entered Level 15 of the Dungeon
 35238 | D:15     | Found a blossoming altar of Fedhas.
 35285 | D:15     | Reached XP level 15. HP: 126/126 MP: 34/35
 35586 | D:15     | Identified a scroll of acquirement
 35647 | D:15     | Reached skill level 14 in Air Magic
 35679 | D:15     | HP: 3/126 [orc warrior/trident of freezing[an orc knight] (17)]
 35679 | D:15     | Slain by an orc warrior

Vault maps used:
D:1:      eino_arrival_water_star, minmay_vboxes
D:2:      uniq_sigmund
D:3:      lemuel_crystal_altar
D:4:      nicolae_overflow_crystal_walls, first_bread, serial_shops, shop,
          fedhas_altar_3
D:5:      gammafunk_temple_overflow_elements, dk_yredelemnul_ordeal
D:6:      temple_hall
D:7:      kennysheep_vampire_church, minmay_curled_crystal
D:8:      lemuel_doored_altar, vehumet_crystals, blue_anna_alchemist
D:9:      gammafunk_temple_overflow_pools, serial_shops, shop, uniq_psyche
D:10:     grunt_lair_entry_orc_guard_hut, zombieorc2_lemuel
D:11:     uniq_josephine
D:12:     enter_bailey_8, uniq_urug
D:13:     uniq_frances
D:14:     erik_vaults_1, lemuel_round_altar
D:15:     grunt_enter_depths_hoard, serial_bayou_pond_c, basic_altar
Lair:1:   beast_lair_carwin_large_1, wad_woods_road_03, uniq_fannar
Lair:2:   wad_woods_stonehenge
Lair:3:   guppyfry_snake_entry_garden, serial_bayou_pond_e, kennysheep_rathole
Lair:4:   elwin_shoals_entry_rocks, minivault_23
Lair:5:   slime_altar_1
Lair:6:   due_jungle_book, roderic_batcave, infiniplex_staircase_pool_2
Orc:1:    serial_shops, shop, basic_altar, uniq_snorg
Orc:2:    st_orc_elflike, mines2_lemuel
Bailey:   bailey_axe_4, bailey

Skill      XL: |  1  2  3  4  5  6  7  8  9 10 11 12 13 14 15 |
---------------+----------------------------------------------+-----
Conjurations   | 2 3 4 5 7 9 10 12 | 12.0
Air Magic      | 3 4 5 7 9 11 12 13 14 | 14.1
Spellcasting   | 2 3 4 6 8 9 10 11 | 11.0
Fighting       | 2 4 5 7 9 10 | 10.0
Dodging        | 4 6 7 8 10 | 10.0
Stealth        | |  1.7

Action                   |  1- 3 |  4- 6 |  7- 9 | 10-12 | 13-15 || total
-------------------------+-------+-------+-------+-------+-------++-------
Melee: Hand axe          |    18 |    16 |       |       |       ||    34
       Short sword       |       |       |     2 |     9 |     8 ||    19
       Flail             |       |       |       |    15 |       ||    15
 Cast: Shock             |   110 |   102 |   255 |   333 |     4 ||   804
       Static Discharge  |       |     2 |    24 |   149 |    66 ||   241
       Airstrike         |       |       |     5 |   230 |   585 ||   820
       Swiftness         |       |       |     2 |     1 |     3 ||     6
       Lightning Bolt    |       |       |     1 |    31 |    98 ||   130
Evoke: Wand              |       |       |     3 |     5 |     2 ||    10
  Use: Scroll            |     2 |    10 |     6 |    10 |    16 ||    44
       Potion            |       |       |       |     2 |     3 ||     5
 Stab: Sleeping          |     2 |       |       |       |       ||     2
  Eat: Chunk             |     5 |    10 |     7 |    36 |    50 ||   108
       Royal jelly       |       |       |     1 |     4 |     3 ||     8
       Bread ration      |       |       |     1 |     1 |       ||     2
       Fruit             |       |       |       |     1 |       ||     1
Armor: Robe              |     4 |    11 |       |    11 |    42 ||    68
       Leather armour    |       |       |    27 |    58 |       ||    85
Dodge: Dodged            |    24 |    22 |    69 |   235 |   268 ||   618

Table legend:
 A = Spawn XP
 B = Non-spawn XP
 C = Spawn XP percentage of total XP
 D = Spawn monster count
 E = Non-spawn monster count
 F = Spawn count percentage of total count
 G = Total turns spent on level
                    A         B        C        D         E        F      G
               +---------+---------+-------+---------+---------+-------+---------
         Total |       0 |  127156 |   0.0 |       0 |     786 |   0.0 | 35679
               +---------+---------+-------+---------+---------+-------+---------
           D:1 |       0 |      62 |   0.0 |       0 |      37 |   0.0 |  1561
           D:2 |       0 |     346 |   0.0 |       0 |      23 |   0.0 |  1161
           D:3 |       0 |      32 |   0.0 |       0 |      11 |   0.0 |  1024
           D:4 |       0 |     500 |   0.0 |       0 |      21 |   0.0 |  1267
           D:5 |       0 |     422 |   0.0 |       0 |      22 |   0.0 |   974
           D:6 |       0 |     765 |   0.0 |       0 |      18 |   0.0 |   840
           D:7 |       0 |    1910 |   0.0 |       0 |      25 |   0.0 |  1637
           D:8 |       0 |    4549 |   0.0 |       0 |      46 |   0.0 |  2806
           D:9 |       0 |    2377 |   0.0 |       0 |      20 |   0.0 |  1078
          D:10 |       0 |    3850 |   0.0 |       0 |      66 |   0.0 |  1791
          D:11 |       0 |    5455 |   0.0 |       0 |      47 |   0.0 |  1148
          D:12 |       0 |    6844 |   0.0 |       0 |      31 |   0.0 |  1186
          D:13 |       0 |    8593 |   0.0 |       0 |      34 |   0.0 |   948
          D:14 |       0 |    6155 |   0.0 |       0 |      24 |   0.0 |  1027
          D:15 |       0 |   10768 |   0.0 |       0 |      41 |   0.0 |   925
        Lair:1 |       0 |    6383 |   0.0 |       0 |      35 |   0.0 |  1843
        Lair:2 |       0 |    5030 |   0.0 |       0 |      19 |   0.0 |  1432
        Lair:3 |       0 |    6277 |   0.0 |       0 |      35 |   0.0 |  1493
        Lair:4 |       0 |    8046 |   0.0 |       0 |      29 |   0.0 |  1239
        Lair:5 |       0 |    3889 |   0.0 |       0 |      14 |   0.0 |  1702
        Lair:6 |       0 |   26699 |   0.0 |       0 |      57 |   0.0 |  2819
         Orc:1 |       0 |    5078 |   0.0 |       0 |      28 |   0.0 |  3056
         Orc:2 |       0 |   11380 |   0.0 |       0 |      76 |   0.0 |  1758
        Bailey |       0 |    1746 |   0.0 |       0 |      27 |   0.0 |   964
               +---------+---------+-------+---------+---------+-------+---------
